Map: Lost and Found LE

Players

ArT - Winner!

  • Race: Protoss Protoss
  • Spawn Location: 7:00

Garitos

  • Race: Zerg Zerg
  • Spawn Location: 1:00

Event: WCS Valencia 2018

VOD

Have the link to the VOD?

Description

Time

  • Played on: July 12, 2018, 6:52 a.m.
  • Length: 10:42

All games in this series

Show
View Real Time Build Order
Export as new Build Order

ArT Protoss - Winner!

Build Orders: 1 Gate Expand, Oracle Opening, Phoenix Opening, Archon Immortal, Zealot Archon 

Get SALT Encoding   

  12  0:00  Probe  
  13  0:13  Probe  
  14  0:18  Pylon  
  14  0:24  Probe  
  15  0:32  Probe  
  15  0:38  Gateway  
  15  0:40  Probe  
  16  0:47  Assimilator  
  17  0:51  Probe  
  18  1:03  Probe  
  19  1:15  Probe  
  20  1:24  Nexus  
  20  1:34  Cybernetics Core  
  20  1:37  Probe  
  21  1:45  Assimilator  
  21  1:50  Probe  
  21  1:53  Pylon  
  22  2:02  Probe  
  22  2:03  Adept  
  23  2:14  Probe  
  26  2:18  Stargate  
  26  2:25  Probe  
  26  2:26  Warp Gate  
  26  2:29  Adept  
  27  2:32  Probe  
  27  2:34  Probe  
  30  2:40  Probe  
  30  2:42  Probe  
  31  2:50  Probe  
  33  2:52  Probe  
  33  2:56  Phoenix  
  35  3:02  Probe  
  35  3:04  Probe  
  39  3:11  Pylon  
  39  3:14  Oracle  
  39  3:15  Probe  
  39  3:16  Probe  
  41  3:27  Gateway, Probe  
  45  3:29  Probe  
  45  3:30  Assimilator  
  45  3:33  Assimilator  
  46  3:39  Probe  
  46  3:41  Probe  
  48  3:45  Oracle, Pylon  
  48  3:51  Probe  
  52  3:57  Probe  
  52  4:01  Pylon  
  53  4:03  Probe  
  53  4:09  Probe  
  55  4:14  Oracle  
  55  4:15  Probe  
  55  4:16  Pylon  
  56  4:21  Probe  
  60  4:27  Probe  
  60  4:31  Zealot, Adept  
  63  4:34  Probe  
  66  4:40  Nexus  
  66  4:42  Pylon, Probe  
  67  4:46  Probe  
  68  4:56  Probe  
  68  4:58  Probe  
  70  5:00  Robotics Facility  
  70  5:01  Robotics Facility  
  70  5:02  Sentry x2  
  74  5:08  Shield Battery  
  74  5:10  Pylon, Probe  
  74  5:11  Probe  
  76  5:21  Forge  
  76  5:22  Twilight Council, Probe  
  76  5:25  Pylon, Probe  
  78  5:33  Gateway  
  78  5:37  Charge  
  78  5:39  Gateway, Probe  
  78  5:40  Protoss Ground Weapons Level 1  
  79  5:44  Probe  
  79  5:49  Observer x2  
  82  5:52  Probe  
  82  5:53  Probe  
  82  5:54  Assimilator  
  84  5:59  Probe, Assimilator  
  84  6:03  Templar Archives  
  85  6:08  Immortal  
  85  6:09  Gateway x2  
  85  6:12  Immortal, Probe  
  85  6:13  Probe x2  
  96  6:26  Adept  
  96  6:27  Adept  
  96  6:31  Shield Battery  
  100  6:34  Shield Battery  
  100  6:36  Pylon  
  100  6:40  Adept x2  
  104  6:47  Pylon  
  104  6:53  Immortal  
  108  6:56  Robotics Bay  
  108  6:58  Shield Battery  
  108  7:00  Zealot  
  108  7:01  Zealot x3  
  116  7:04  Immortal  
  116  7:14  Gateway  
  103  7:20  High Templar x2  
  103  7:21  High Templar x2  
  103  7:22  Zealot x2  
  103  7:26  Archon  
  103  7:27  Archon  
  103  7:29  Pylon  
  102  7:33  Immortal  
  102  7:35  Protoss Ground Weapons Level 2  
  106  7:40  Probe x2  
  106  7:42  Immortal  
  108  7:50  Zealot x2  
  110  7:51  Probe  
  110  7:52  Probe x2  
  110  7:55  Gateway  
  110  7:58  Pylon  
  113  8:03  High Templar  
  113  8:04  Zealot, High Templar  
  113  8:05  Zealot  
  121  8:08  Psionic Storm  
  121  8:09  Photon Cannon  
  121  8:10  Pylon  
  121  8:18  Photon Cannon  
  121  8:23  Observer  
  121  8:24  Zealot x2  
  121  8:25  High Templar  
  121  8:26  Zealot x2  
  131  8:32  Warp Prism  
  131  8:35  Nexus, Pylon  
  131  8:37  High Templar  
  133  8:43  Observer  
  133  8:44  Pylon  
  135  8:57  High Templar x2  
  135  9:00  Stalker x2  
  135  9:01  Photon Cannon, Zealot x2  
  135  9:02  Pylon  
  147  9:04  Observer  
  147  9:19  Zealot x2  
  147  9:23  Photon Cannon  
  147  9:25  Zealot x2  
  147  9:26  Zealot  
  153  9:38  Photon Cannon  
  153  9:41  High Templar x4  
  153  9:42  Zealot, Assimilator  
  161  9:46  Assimilator  
  161  9:47  Gateway  
  161  9:48  Archon  
  161  9:49  Archon  
  161  9:51  Gateway  
  161  9:52  Stalker x3  
  163  10:09  Zealot  
  159  10:17  Zealot  
  159  10:18  Zealot x2  
  159  10:20  Zealot  
  165  10:24  Pylon  
  165  10:28  Pylon  
  165  10:29  Pylon  
  165  10:33  Pylon  
  149  10:36  Zealot x2  
  149  10:37  Zealot x2  
  149  10:38  Nexus  
  149  10:39  Zealot  
Show
View Real Time Build Order
Export as new Build Order

Garitos Zerg 

Build Orders: Hatch First 

Get SALT Encoding   

  12  0:00  Drone  
  13  0:12  Overlord  
  13  0:18  Drone  
  14  0:30  Drone x2  
  14  0:34  Drone  
  17  0:52  Hatchery  
  17  0:54  Drone  
  17  1:06  Drone  
  17  1:08  Extractor  
  17  1:15  Spawning Pool  
  17  1:17  Drone  
  17  1:20  Drone  
  18  1:30  Drone  
  19  1:38  Drone  
  20  1:53  Overlord  
  20  2:03  Queen  
  20  2:04  Queen  
  24  2:11  Metabolic Boost  
  24  2:14  Drone x3  
  27  2:20  Drone  
  28  2:23  Drone  
  28  2:26  Drone  
  30  2:40  Hatchery  
  30  2:42  Drone  
  30  2:48  Queen  
  30  2:50  Drone  
  33  2:55  Overlord  
  33  3:00  Spore Crawler, Drone  
  33  3:05  Drone x2  
  35  3:06  Drone  
  36  3:15  Drone x3  
  36  3:16  Drone  
  36  3:18  Drone  
  41  3:20  Drone x2  
  43  3:31  Overlord  
  43  3:32  Queen  
  43  3:33  Extractor  
  45  3:34  Overlord  
  45  3:39  Spore Crawler  
  44  3:52  Lair  
  44  3:54  Extractor, Drone x2  
  44  3:55  Extractor, Drone x2  
  46  3:56  Drone x2  
  46  4:02  Drone x4  
  52  4:05  Drone  
  52  4:07  Drone x2  
  55  4:12  Zergling x2  
  55  4:14  Spore Crawler  
  55  4:16  Zergling x6  
  57  4:26  Zergling x2  
  58  4:31  Baneling Nest  
  58  4:32  Zergling x2  
  58  4:56  Zergling x4  
  58  4:57  Overlord x2  
  58  4:59  Overlord  
  57  5:00  Hydralisk Den  
  57  5:03  Overlord, Zergling x2  
  57  5:07  Overlord  
  57  5:08  Queen  
  57  5:11  Overlord x2  
  58  5:17  Overlord  
  57  5:29  Hydralisk  
  57  5:30  Grooved Spines, Hydralisk x5  
  57  5:32  Drone x2  
  57  5:33  Drone x4  
  57  5:34  Drone  
  76  5:43  Overlord  
  76  5:45  Hydralisk  
  76  5:46  Hydralisk  
  76  5:48  Hydralisk  
  82  5:54  Hydralisk  
  84  6:03  Hydralisk  
  84  6:05  Overlord  
  84  6:06  Zergling x6  
  84  6:07  Zergling x8  
  84  6:10  Hydralisk  
  95  6:12  Zergling x2  
  95  6:14  Zergling x2  
  95  6:16  Hydralisk  
  99  6:19  Overlord, Hydralisk  
  101  6:29  Hydralisk  
  101  6:31  Zergling x4  
  101  6:32  Zergling x4  
  107  6:33  Zergling x2  
  107  6:35  Zergling x4  
  110  6:41  Muscular Augments, Evolution Chamber  
  110  6:42  Zergling x2  
  110  6:43  Extractor, Zergling x4  
  110  6:44  Hydralisk  
  112  6:50  Overlord  
  112  6:51  Zergling x4  
  114  6:55  Hydralisk  
  114  6:56  Overlord  
  116  7:08  Hydralisk x3  
  113  7:14  Hydralisk  
  104  7:19  Zergling x4  
  104  7:20  Zergling x4  
  104  7:22  Zergling x2  
  103  7:23  Zergling x6  
  103  7:29  Zerg Missile Weapons Level 1  
  105  7:31  Zergling x2  
  105  7:35  Zergling x2  
  100  7:39  Hydralisk  
  100  7:42  Drone x5  
  91  7:45  Hydralisk  
  91  7:51  Pneumatized Carapace  
  91  7:52  Drone  
  92  7:59  Drone x2  
  92  8:00  Drone x6  
  92  8:04  Hatchery  
  99  8:05  Drone  
  99  8:06  Extractor, Drone  
  99  8:08  Centrifical Hooks  
  99  8:09  Hydralisk  
  99  8:12  Hydralisk  
  102  8:17  Hydralisk  
  102  8:19  Hydralisk  
  108  8:22  Extractor, Hydralisk  
  109  8:29  Hydralisk  
  111  8:39  Drone x2  
  111  8:40  Hydralisk, Drone  
  116  8:45  Drone x5  
  116  8:46  Hydralisk x2  
  116  8:47  Zergling x2  
  116  8:48  Zergling x2  
  127  8:53  Hydralisk  
  129  8:55  Zergling x2  
  129  8:56  Zergling x4  
  129  8:57  Zergling x2  
  129  8:59  Zergling x2  
  129  9:00  Zergling x8  
  129  9:02  Overseer  
  138  9:04  Baneling x5  
  138  9:05  Baneling  
  138  9:09  Zergling x2, Hydralisk  
  139  9:12  Hydralisk  
  139  9:14  Overlord  
  143  9:22  Hydralisk  
  143  9:23  Extractor  
  137  9:25  Baneling  
  137  9:26  Extractor, Zergling x4, Baneling x6  
  137  9:28  Hydralisk  
  135  9:31  Zergling x6  
  135  9:32  Zergling x6  
  135  9:35  Overlord  
  135  9:37  Hydralisk x2  
  143  9:38  Hydralisk  
  143  9:41  Zergling x4  
  143  9:42  Zergling x2  
  143  9:43  Zergling x4  
  147  9:49  Hydralisk x2  
  147  9:52  Hydralisk x2  
  153  9:54  Baneling  
  153  9:55  Baneling x2  
  155  10:01  Hydralisk  
  155  10:03  Baneling  
  155  10:04  Baneling  
  150  10:13  Hydralisk  
  121  10:17  Hydralisk  
  121  10:19  Zergling x12  
  121  10:20  Zergling x6  
Tags
 
Add a new tag
Caveats
  • Supply blocks, unpowered buildings, or Contaminate may cause inaccurate times.
  • Supply counts are checked every 10 seconds.